 Dungeon Crawl Stone Soup version 0.31-a0-640-g39d97e502b (webtiles) character file.

Game seed: 3228958211639239707

126 qw the Shooter (level 5, -3/32 HPs)
             Began as a Gargoyle Hunter on Aug 27, 2023.
             Slain by an orc
             ... wielding a +0 flail
              (8 damage)
             ... on level 3 of the Dungeon.
             The game lasted 00:00:50 (1527 turns).

qw the Shooter (Gargoyle Hunter)                    Turns: 1527, Time: 00:00:50

Health: -3/32      AC: 12    Str: 15    XL:     5   Next: 9%
Magic:  5/5        EV: 11    Int:  9    God:
Gold:   181        SH:  0    Dex: 15    Spells: 4/4 levels left

rFire   . . .        Y - +0 shortbow
rCold   . . .        (shield currently unavailable)
rNeg    + . .        b - +0 ring mail
rPois   inf          (no helmet)
rElec   +            (no cloak)
rCorr   .            f - +2 pair of gloves
SInv    .            (no boots)
Will    .....        (no amulet)
Stlth   +            (no ring)
HPRegen 0.25/turn    (no ring)
MPRegen 0.09/turn

%: no passive effects
@: no status effects
A: sickness immunity, AC +4, negative energy resistance 1, electricity
resistance, torment resistance 1, petrification resistance
a: no special abilities


You were on level 3 of the Dungeon.
You visited 1 branch of the dungeon, and saw 3 of its levels.

You collected 181 gold pieces.


Innate Abilities, Weirdness & Mutations

You are immune to sickness and miasma.
Your stone body is resilient. (AC +4)
You are immune to poison.
You resist negative energy. (rN+)
You are resistant to electric shocks. (rElec)
You are resistant to unholy torment.
You are immune to petrification.


   Skills:
 - Level 3.0 Fighting
 + Level 5.5 Ranged Weapons
 - Level 1.8 Armour
 - Level 1.5 Dodging
 - Level 1.1 Stealth


You had 4 spell levels left.
You didn't know any spells.
Your spell library was empty.

Inventory:

Hand Weapons
 Y - a +0 shortbow (weapon)
Armour
 b - a +0 ring mail (worn)
 f - a +2 pair of gloves (worn)
Scrolls
 e - a scroll of identify
Potions
 a - a potion of cancellation {unknown}
 c - a potion of lignification {unknown}
 d - a potion of heal wounds {unknown}
 i - a potion of might {unknown}
 j - a potion of berserk rage {unknown}

Dungeon Overview and Level Annotations

Branches:
Dungeon (3/15)

Altars:

Shops:
D:2 [


Message History

An orc comes into view. It is wielding a +0 flail.
An adder comes into view.
You shoot an arrow.
The arrow hits the orc but does no damage.
You shoot an arrow. The arrow barely misses the orc.
You shoot an arrow. The arrow hits the orc.
The orc is heavily wounded.
The orc hits you with a +0 club.
You shoot an arrow. The arrow hits the orc!
You kill the orc!
The orc hits you but does no damage.
You shoot an arrow. The arrow hits the adder.
The adder is lightly wounded.
The adder bites you but does no damage. The orc hits you but does no damage.
The adder barely misses you.
You shoot an arrow. The arrow closely misses the adder.
The arrow closely misses the orc priest.
The orc barely misses you.
The orc priest looks braver for a moment.
The adder bites you but does no damage.
You shoot an arrow. The arrow hits the adder.
The adder is heavily wounded.
The adder barely misses you. The orc barely misses you. The adder misses you.
The orc priest mumbles some strange prayers to Beogh against you.
Beogh smites you! The orc misses you.
You shoot an arrow. The arrow barely misses the adder.
The arrow hits the orc priest!
The orc priest is almost dead.
The adder bites you but does no damage. The orc barely misses you.
The orc priest calls down the wrath of Beogh upon you.
Beogh smites you! The adder bites you but does no damage.
You shoot an arrow.
The arrow hits the adder but does no damage.
The adder is heavily wounded.
The adder bites you but does no damage. The orc hits you with a +0 flail.
You shoot an arrow.
The arrow hits the adder but does no damage.
The adder is heavily wounded.
The adder misses you. The orc hits you with a +0 flail!
You die...

#..#......## #.
............# #.
#........>..#######.
...##...).........<)
##..#...#####=#####. .
##.#...## ##.####.
...##.......## ##.......
......##.....###.#####..
....)oS@....#.#..# #..
####..o#...###...# #..
##.##...# ##..# #.. #.
#...# #..#####.. #
#...####.........
#.........#####..
#.........#####..
###.#####........
........)...##..


You could see an orc priest, an adder and an orc.

Vanquished Creatures
  An orc wizard (D:2)
  An adder (D:2)
  A gnoll (D:1)
  A worm (D:2)
  2 dart slugs (D:1)
  3 orcs (D:3)
  6 endoplasms
  3 giant cockroaches
  5 goblins
  8 hobgoblins
  4 jackals (D:1)
  2 quokkas
  8 ball pythons
  6 bats
  6 frilled lizards
  6 kobolds
  5 rats
68 creatures vanquished.

Notes
Turn   | Place    | Note
-------+----------+-------------------------------------------
     0 | D:1      | qw the Gargoyle Hunter began the quest for the Orb.
     0 | D:1      | Reached XP level 1. HP: 12/12 MP: 1/1
     0 | D:1      | 0 ||| qw: Version: 0.3-a-74-g0d5e918
     0 | D:1      | 0 ||| qw: Game counter: 143
     0 | D:1      | 0 ||| qw: Melee chars always use a shield: true
     0 | D:1      | 0 ||| qw: God list: Okawaru
     0 | D:1      | 0 ||| qw: Allow faded altars: false
     0 | D:1      | 0 ||| qw: Do Orc after clearing Dungeon:15 true
     0 | D:1      | 0 ||| qw: Do second Lair branch before Depths: true
     0 | D:1      | 0 ||| qw: Lair rune preference: random
     0 | D:1      | 0 ||| qw: Goals: Normal
     0 | D:1      | 0 ||| PLANNING D:1-11
    46 | D:1      | Reached XP level 2. HP: 17/17 MP: 2/2
   167 | D:1      | 167 ||| Stepping ~*~*~tactically~*~*~ (retreating).
   274 | D:1      | Reached XP level 3. HP: 21/21 MP: 3/3
   291 | D:1      | Reached skill level 5 in Ranged Weapons
   402 | D:1      | Reached skill level 3 in Fighting
   531 | D:1      | 531 ||| READING scroll labelled QUN PAUCVUCS.
   532 | D:1      | 532 ||| READING scroll labelled LOIJAS YFFE.
   533 | D:1      | 533 ||| DROPPING scroll of butterflies.
   620 | D:2      | Found Ewiufuklu's Antique Armour Shop.
   645 | D:2      | Reached XP level 4. HP: 28/28 MP: 4/4
   857 | D:2      | 857 ||| SHOPLISTING glowing cloak (172 gold, have 80).
   857 | D:2      | 857 ||| SHOPLISTING helmet (103 gold, have 80).
  1059 | D:2      | You fall into a shaft and drop 1 floor!
  1066 | D:3      | 1066 ||| UPGRADING to +0 ring mail.
  1076 | D:3      | 1076 ||| DROPPING +0 leather armour.
  1077 | D:3      | 1077 ||| UPGRADING to +2 pair of gloves.
  1082 | D:3      | 1082 ||| DROPPING +6 ring of intelligence.
  1083 | D:3      | 1083 ||| READING scroll labelled UQUIX ZIKAEJY.
  1084 | D:3      | 1084 ||| READING scroll labelled XEHUCE COISH.
  1173 | D:2      | 1173 ||| READING scroll labelled FEPPUU CUGO.
  1245 | D:3      | 1245 ||| FLEEEEING.
  1246 | D:3      | 1246 ||| FLEEEEING.
  1248 | D:3      | 1248 ||| FLEEEEING.
  1249 | D:3      | 1249 ||| FLEEEEING.
  1250 | D:3      | 1250 ||| FLEEEEING.
  1256 | D:3      | 1256 ||| FLEEEEING.
  1257 | D:3      | 1257 ||| FLEEEEING.
  1258 | D:3      | 1258 ||| STAIRDANCE
  1328 | D:3      | 1328 ||| STAIRDANCE
  1333 | D:2      | Reached skill level 1 in Armour
  1333 | D:2      | Reached XP level 5. HP: 24/32 MP: 5/5
  1525 | D:3      | HP: 6/32 [orc priest/divine providence (13)]
  1527 | D:3      | Slain by an orc

Levels and vault maps discovered:
D:1:      nzn_arrival_crosshair, layout_rooms, minmay_misc_feat_doors
D:2:      layout_basic, serial_shops, shop
D:3:      layout_loops_ring, grunt_temple_overflow_open, minmay_starry_boxes

Skill      XL: |  1  2  3  4 |
---------------+-------------+-----
Ranged Weapons | 5 |  5.5
Fighting       | 3 |  3.0
Armour         | 1 |  1.8
Dodging        | |  1.5
Stealth        | |  1.1

Action                     |  1- 3 |  4- 6 || total
---------------------------+-------+-------++-------
   Fire: Shortbow          |   109 |    90 ||   199
    Use: Scroll            |     2 |     3 ||     5
 Armour: Leather armour    |    18 |     8 ||    26
         Ring mail         |       |    17 ||    17
  Dodge: Dodged            |    35 |    27 ||    62

Table legend:
 A = Non-vault XP
 B = Vault XP
 C = Vault XP percentage of total XP
 D = Non-vault monster count
 E = Vault monster count
 F = Vault count percentage of total count
                 A         B        C        D         E       F
            +---------+---------+-------+---------+---------+-------
      Total |     177 |       3 |   1.7 |      66 |       2 |   2.9
            +---------+---------+-------+---------+---------+-------
        D:1 |      73 |       0 |   0.0 |      36 |       0 |   0.0
        D:2 |      90 |       0 |   0.0 |      24 |       0 |   0.0
        D:3 |      14 |       3 |  17.6 |       6 |       2 |  25.0
            +---------+---------+-------+---------+---------+-------
